Map: Purity and Industry LE

Players

bycaco

  • Race: Protoss Protoss
  • League: Gold
  • Spawn Location: 3:00

antagomiR - Winner!

  • Race: Protoss Protoss
  • League: Gold
  • Spawn Location: 12:00

VOD

Have the link to the VOD?

Description

Time

  • Played on: April 18, 2020, 2:09 p.m.
  • Length: 9:21
Show
View Real Time Build Order
Export as new Build Order

bycaco Protoss 

Build Orders:  

Get SALT Encoding   

  12  0:01  Probe (Chrono Boost)  
  13  0:13  Pylon  
  13  0:16  Probe  
  14  0:35  Gateway  
  14  0:45  Probe  
  15  0:57  Probe  
  15  0:58  Forge  
  16  1:09  Probe (Chrono Boost)  
  17  1:12  Pylon  
  17  1:18  Assimilator  
  17  1:20  Probe (Chrono Boost)  
  18  1:25  Probe (Chrono Boost)  
  18  1:27  Zealot  
  21  1:45  Photon Cannon  
  21  1:54  Photon Cannon  
  21  2:10  Cybernetics Core  
  21  2:41  Nexus  
  20  3:05  Pylon  
  20  3:08  Pylon  
  20  3:13  Gateway  
  20  3:15  Probe  
  21  3:29  Twilight Council  
  21  3:39  Warp Gate (Chrono Boost), Robotics Facility  
  21  3:57  Pylon  
  21  3:58  Probe (Chrono Boost)  
  22  4:08  Probe (Chrono Boost)  
  23  4:13  Probe (Chrono Boost)  
  23  4:15  Gateway  
  24  4:24  Gateway  
  24  4:38  Stargate  
  28  4:52  Immortal  
  28  5:02  Shield Battery  
  28  5:07  Probe, Assimilator  
  28  5:08  Assimilator  
  28  5:13  Assimilator  
  29  5:15  Probe  
  31  5:29  Probe (Chrono Boost)  
  31  5:32  Probe (Chrono Boost)  
  32  5:39  Probe (Chrono Boost)  
  33  5:44  Probe (Chrono Boost)  
  33  5:49  Pylon  
  34  5:55  Stargate  
  34  5:59  Probe (Chrono Boost)  
  35  6:06  Robotics Facility  
  35  6:11  Probe (Chrono Boost)  
  36  6:14  Stalker  
  38  6:19  Probe (Chrono Boost)  
  38  6:22  Stalker  
  39  6:29  Probe  
  40  6:35  Stalker x2  
  44  7:01  Stalker x3  
  42  7:02  Stalker  
  46  7:23  Pylon  
  46  7:25  Pylon  
  44  7:41  Robotics Facility  
  44  7:52  Pylon  
  44  8:14  Pylon  
  44  8:16  Void Ray  
  44  8:17  Void Ray  
  52  8:36  Observer (Chrono Boost)  
  46  9:10  Stalker  
  46  9:11  Stalker x2  
Show
View Real Time Build Order
Export as new Build Order

antagomiR Protoss - Winner!

Build Orders:  

Get SALT Encoding   

  12  0:01  Probe  
  13  0:13  Probe  
  14  0:19  Pylon  
  14  0:25  Probe  
  15  0:39  Gateway  
  15  0:44  Probe  
  16  0:56  Probe (Chrono Boost)  
  17  1:00  Assimilator  
  17  1:06  Probe (Chrono Boost)  
  18  1:11  Probe (Chrono Boost)  
  18  1:12  Assimilator  
  19  1:25  Probe  
  20  1:39  Cybernetics Core  
  20  1:44  Pylon  
  20  1:53  Probe  
  21  2:06  Probe  
  22  2:18  Probe (Chrono Boost)  
  23  2:23  Warp Gate  
  23  2:28  Gateway  
  24  2:30  Probe (Chrono Boost), Robotics Facility  
  24  2:35  Probe (Chrono Boost)  
  25  2:47  Probe, Nexus  
  26  2:59  Probe  
  27  3:07  Pylon  
  27  3:08  Stalker (Chrono Boost)  
  27  3:11  Probe  
  30  3:25  Stalker (Chrono Boost)  
  30  3:26  Pylon  
  32  3:33  Observer  
  33  3:36  Probe  
  34  3:46  Gateway  
  34  3:47  Gateway  
  34  3:48  Probe  
  35  3:55  Observer  
  36  4:00  Probe  
  36  4:02  Probe  
  38  4:12  Probe  
  38  4:13  Sentry  
  38  4:14  Probe, Sentry  
  44  4:24  Probe  
  44  4:27  Probe, Immortal  
  50  4:36  Probe  
  51  4:51  Stalker x3  
  55  4:54  Sentry  
  57  5:05  Probe x2  
  59  5:13  Pylon  
  59  5:17  Probe, Stalker  
  62  5:22  Pylon  
  62  5:25  Pylon  
  62  5:26  Pylon  
  62  5:30  Assimilator  
  62  5:31  Probe  
  62  5:32  Assimilator  
  62  5:34  Stalker x2  
  62  5:35  Stalker  
  69  5:47  Probe x2  
  71  5:50  Immortal  
  71  5:53  Stalker  
  77  5:59  Probe x2  
  79  6:06  Pylon  
  79  6:11  Nexus  
  75  6:34  Probe x2  
  77  6:46  Probe x2  
  79  6:48  Pylon  
  79  6:49  Stalker x3  
  79  6:50  Stalker  
  79  7:08  Gateway  
  79  7:10  Gateway  
  79  7:12  Gateway  
  79  7:15  Gateway  
  79  7:16  Gateway  
  79  7:19  Forge  
  79  7:20  Twilight Council, Stalker x2  
  79  7:21  Stalker x2  
  85  7:49  Shield Battery  
  85  7:52  Assimilator  
  85  7:53  Stalker  
  85  7:54  Stalker x3  
  85  7:56  Assimilator  
  91  8:13  Stalker x3  
  91  8:14  Stalker x2  
  101  8:24  Pylon  
  101  8:40  Stalker x3  
  91  9:18  Stalker x5  
  101  9:19  Stalker  
Tags
 
League
GoldGold
Matchup
PvP
Replay Pack
20200422
Spawn Locations
Close Positions
Add a new tag
Caveats
  • Supply blocks, unpowered buildings, or Contaminate may cause inaccurate times.
  • Supply counts are checked every 10 seconds.